 Dungeon Crawl Stone Soup version 0.31-a0-1242-g57893ffec4 (webtiles) character file.

Game seed: 13153020040236076591

202 hiems the Poker (level 5, -7/45 HPs)
             Began as a Minotaur Gladiator on Dec 15, 2023.
             Was an Initiate of Wu Jian.
             Mangled by a gnoll
             ... wielding a +0 flail
              (9 damage)
             ... on level 3 of the Dungeon on Dec 16, 2023.
             The game lasted 00:43:01 (2505 turns).

hiems the Poker (Minotaur Gladiator)                Turns: 2505, Time: 00:43:06

Health: -7/45      AC:  6    Str: 21    XL:     5   Next: 50%
Magic:  4/4        EV: 12    Int:  5    God:    Wu Jian [......]
Gold:   91         SH:  0    Dex: 11    Spells: 4/4 levels left

rFire   . . .        M - +0 morningstar
rCold   . . .        v - orb {guile}
rNeg    . . .        D - +0 ring mail
rPois   .            c - +0 hat
rElec   .            y - +0 cloak
rCorr   .            (no gloves)
SInv    .            (no boots)
Will    .....        h - amulet of magic regeneration
Stlth   +            (no ring)
HPRegen 0.27/turn    (no ring)
MPRegen 0.49/turn

%: no passive effects
@: mighty, very slow
A: horns 2, retaliatory headbutt
a: Renounce Religion


You were on level 3 of the Dungeon.
You worshipped Wu Jian.
Wu Jian was noncommittal.
You visited 1 branch of the dungeon, and saw 3 of its levels.

You collected 91 gold pieces.

Inventory:

Hand Weapons
 a - a +0 trident
 e - a +0 flail
 f - a +0 short sword
 g - a +0 whip
 j - a +0 whip
 k - a +0 dagger
 l - a +0 spear
 m - a +0 club
 o - a +0 halberd
 p - a +0 dagger
 s - a +0 club
 t - a +0 spear
 u - a +0 club
 x - a +0 sling
 B - a +0 dagger
 G - a +0 rapier
 H - a +0 dagger
 L - a +0 short sword
 M - a +0 morningstar (weapon)
 O - a +0 club
Missiles
 d - 2 throwing nets (quivered)
 n - 23 stones
 q - 13 poisoned darts
 P - 3 boomerangs
Armour
 b - a +0 leather armour
 c - a +0 hat (worn)
 i - a +0 leather armour
 v - an orb of guile (worn)
 y - a +0 cloak (worn)
 D - a +0 ring mail (worn)
 N - a +0 scale mail
Jewellery
 h - an amulet of magic regeneration (around neck)
Scrolls
 r - 5 scrolls of identify {unknown}
 A - a scroll of fog {unknown}
 C - a scroll of vulnerability {unknown}
 I - a scroll of teleportation {unknown}
 J - a scroll of enchant armour {unknown}
Potions
 w - a potion of degeneration {unknown}
 E - a potion of haste {unknown}
 F - a potion of magic {unknown}


   Skills:
 + Level 3.1 Fighting
 + Level 5.8 Polearms
 + Level 2.3 Throwing
 + Level 2.6 Armour
 + Level 4.0 Dodging
 + Level 0.4 Stealth


You had 4 spell levels left.
You didn't know any spells.
Your spell library was empty.

Dungeon Overview and Level Annotations

Branches:
Dungeon (3/15)

Altars:
Cheibriados
Kikubaaqudgha
Vehumet
Wu Jian
Zin
The Shining One

Shops:
D:1 =((*


Innate Abilities, Weirdness & Mutations

You have a pair of horns on your head.
You reflexively headbutt those who attack you in melee.


Message History

You kill the gnoll!
The Council accepts your kill.
A gnoll comes into view. It is wielding a +0 flail.
Throw: 4 boomerangs
Press: ? - help, Shift-Dir - straight line, f/p - gnoll
Aim: a gnoll, wielding a +0 club (58% to hit)
You throw a boomerang. The gnoll shouts!
The boomerang hits the gnoll and shatters, but does no damage.
You hit the gnoll.
The gnoll is moderately wounded.
The gnoll closely misses you.
You barely miss the gnoll.
The gnoll is moderately wounded.
You barely miss the gnoll. The gnoll attacks as it pursues you!
The gnoll hits you with a +0 flail. The gnoll misses you. x2
You hit the gnoll but do no damage. The gnoll hits you with a +0 flail.
The gnoll closely misses you. You furiously retaliate!
You headbutt the gnoll. The gnoll hits you with a +0 flail.
You hit the gnoll.
The gnoll is lightly wounded.
The gnoll hits you with a +0 flail. The gnoll barely misses you.
The gnoll hits you with a +0 flail! The gnoll hits you with a +0 flail.
The gnoll closely misses you. The gnoll closely misses you.
The gnoll barely misses you. The gnoll hits you with a +0 club!
You stop removing your armour.
* * * LOW HITPOINT WARNING * * *
It was a potion of might.
You feel very mighty all of a sudden. The gnoll hits you with a +0 flail.
* * * LOW HITPOINT WARNING * * *
The gnoll closely misses you. The gnoll barely misses you.
You closely miss the gnoll.
The gnoll is lightly wounded.
The gnoll hits you with a +0 flail!
* * * LOW HITPOINT WARNING * * *
The gnoll hits you but does no damage. The gnoll completely misses you.
The gnoll hits you with a +0 flail!
You die...

########## #........#
##########........#
.........#........#
.........#........#
.........#........###.#.#
........†'......gg)......
.........#......@g#.###.#
.........#........# ..
.........########## ##
.........# ..
.........########.#
#########.........##
....................
#########....##########
####†##.......#


You could see 3 gnolls.

Vanquished Creatures
  2 jellies (D:2)
  An adder (D:3)
  5 gnolls
  A worm (D:3)
  3 dart slugs
  4 orcs (D:3)
  6 ball pythons
  3 bats
  9 endoplasms (D:2)
  3 giant cockroaches
  6 goblins
  5 hobgoblins
  4 quokkas
  A frilled lizard (D:1)
  8 kobolds
  3 rats
64 creatures vanquished.

Notes
Turn   | Place    | Note
-------+----------+-------------------------------------------
     0 | D:1      | hiems the Minotaur Gladiator began the quest for the Orb.
     0 | D:1      | Reached XP level 1. HP: 18/18 MP: 0/0
   201 | D:1      | Found Xayfihac's Weapon Emporium.
   238 | D:1      | Found Yllost's General Store.
   276 | D:1      | Found Muhoexiz's Antique Weapon Shoppe.
   612 | D:1      | Reached XP level 2. HP: 25/25 MP: 1/1
   789 | D:1      | Reached skill level 4 in Polearms
   888 | D:1      | Found Hacoihom's Jewellery Shop.
  1056 | D:1      | Reached skill level 1 in Armour
  1056 | D:1      | Reached XP level 3. HP: 5/30 MP: 2/2
  1365 | D:1      | Upgraded the game from 0.31-a0-1236-gaa9e43cceb to
                  | 0.31-a0-1242-g57893ffec4
  1523 | D:2      | Reached XP level 4. HP: 37/37 MP: 3/3
  1816 | D:2      | Found a faded altar of an unknown god.
  1820 | D:2      | Prayed at the altar of an unknown god.
  1820 | D:2      | Became a worshipper of Cheibriados the Contemplative
  1820 | D:2      | Reached * piety under Cheibriados
  2055 | D:2      | Reached skill level 5 in Polearms
  2090 | D:2      | Found a glowing golden altar of the Shining One.
  2090 | D:2      | Found a glowing silver altar of Zin.
  2090 | D:2      | Found an ancient bone altar of Kikubaaqudgha.
  2090 | D:2      | Found a snail-covered altar of Cheibriados.
  2090 | D:2      | Found an ancient bone altar of Kikubaaqudgha.
  2090 | D:2      | Found an ornate altar of the Wu Jian Council.
  2099 | D:2      | Reached XP level 5. HP: 26/45 MP: 4/4
  2202 | D:2      | Fell from the grace of Cheibriados
  2202 | D:2      | Became a worshipper of the Wu Jian Council
  2286 | D:3      | Found a radiant altar of Vehumet.
  2505 | D:3      | HP: 2/45 [gnoll/+0 flail (7)]
  2505 | D:3      | Mangled by a gnoll

Illustrated notes

Levels and vault maps discovered:
D:1:      minmay_arrival_stone_box, layout_loops_corners, serial_shops, shop,
          shop, shop, nicolae_shop_pleasant_corner_grove
D:2:      cheibrodos_fertilizer, layout_basic,
          shapermc_ecumenical_altar_mp_vishouse
D:3:      layout_basic, nicolae_vehumet_radiance, kennysheep_okawaru_gauntlet,
          interstate_on_off

Skill      XL: |  1  2  3  4 |
---------------+-------------+-----
Polearms       | 4 5 |  5.8
Armour         | 1 2 |  2.6
Fighting       | 3 |  3.1
Dodging        | 4 |  4.0
Throwing       | |  2.3
Stealth        | |  0.4

Action                     |  1- 3 |  4- 6 || total
---------------------------+-------+-------++-------
  Melee: Trident           |    73 |    60 ||   133
         Headbutt          |    11 |    15 ||    26
         Punch             |     3 |       ||     3
         Morningstar       |       |    12 ||    12
  Throw: Javelin           |     1 |     4 ||     5
         Dart              |       |     1 ||     1
         Stone             |       |     4 ||     4
         Boomerang         |       |     3 ||     3
         Throwing net      |       |     2 ||     2
Ability: Lunge             |       |     2 ||     2
    Use: Potion            |     1 |     1 ||     2
         Scroll            |     1 |       ||     1
 Armour: Leather armour    |    29 |       ||    29
         Ring mail         |     5 |    39 ||    44
  Dodge: Dodged            |    57 |    38 ||    95

Table legend: (Time is in decaauts)
 A = Elapsed time spent in this place.
 B = Non-inter-level travel time spent in this place.
 C = Inter-level travel time spent in this place.
 D = Time resting spent in this place.
 E = Time spent auto-exploring this place.
 F = Levels seen in this place.
 G = Mean time per level.
                   A        B        C        D        E       F      G
               +--------+--------+--------+--------+--------+-----+--------+
         Total |   2697 |   1444 |   1253 |    526 |      0 |   3 |  899.0 |
       Dungeon |   2697 |   1444 |   1253 |    526 |      0 |   3 |  899.0 |
               +--------+--------+--------+--------+--------+-----+--------+

Top non-repeatable levels by time:
     D:1: 1375 daAuts
     D:2: 1039 daAuts
     D:3: 282 daAuts
